 Dungeon Crawl Stone Soup version 0.29.0-11-gd7f09526c8 (webtiles) character file.

Game seed: 6481598013914299580

30 wakxed the Trooper (level 3, -5/33 HPs)
             Began as a Draconian Berserker on Sept 3, 2022.
             Was a Follower of Trog.
             Slain by Terence
             ... wielding a +6 flail of protection
              (12 damage)
             ... on level 2 of the Dungeon.
             The game lasted 00:03:28 (803 turns).

wakxed the Trooper (Draconian Berserker)             Turns: 803, Time: 00:03:29

Health: -5/33      AC:  6    Str: 21    XL:     3   Next: 5%
Magic:  3/3        EV: 12    Int:  7    God:    Trog [*.....]
Gold:   42         SH:  0    Dex: 10    Spells: 2/2 levels left

rFire   + . .      SeeInvis .   a - +0 falchion
rCold   + . .      Faith    .   (no shield)
rNeg    . . .      Spirit   .   (body armour unavailable)
rPois   +          Reflect  .   (helmet restricted)
rElec   +          Harm     .   (no cloak)
rCorr   +          Rampage  .   g - +0 pair of gloves
Will    .....                   (no boots)
Stlth   +.........              (no amulet)
HPRegen 0.11/turn               (no ring)
MPRegen 0.08/turn               (no ring)

@: resistant
A: AC +5, unfitting armour, cold-blooded
a: Renounce Religion, Berserk


You were on level 2 of the Dungeon.
You worshipped Trog.
Trog was aware of your devotion.
You visited 1 branch of the dungeon, and saw 2 of its levels.

You collected 42 gold pieces.

Inventory:

Hand Weapons
 a - a +0 falchion (weapon)
Missiles
 d - 4 poisoned darts
 i - 6 javelins (quivered)
Armour
 g - a +0 pair of gloves (worn)
Scrolls
 b - 2 scrolls of identify {unknown}
 e - a scroll of silence {unknown}
 f - a scroll of fog {unknown}
 h - a scroll of blinking {unknown}
Potions
 k - 3 potions of lignification {unknown}
 l - a potion of degeneration {unknown}


   Skills:
 * Level 3.6 Fighting
 * Level 3.4 Long Blades
 + Level 0.5 Throwing
 * Level 3.1 Dodging


You had 2 spell levels left.
You didn't know any spells.
Your spell library was empty.

Dungeon Overview and Level Annotations

Branches:
Dungeon (2/15)

Altars:
Nemelex Xobeh

Annotations:
D:2 Terence


Innate Abilities, Weirdness & Mutations

Your plain brown scales are hard. (AC +5)
You cannot fit into any form of body armour.
You are cold-blooded and may be slowed by cold attacks.


Message History

You barely miss Terence.
Terence is lightly wounded.
Terence misses you.
You hit Terence.
Your tail-slap misses Terence.
Terence is moderately wounded.
Terence hits you with a +6 flail of protection.
You closely miss Terence.
Your tail-slap misses Terence.
Terence is moderately wounded.
Terence barely misses you.
You hit Terence.
Terence is moderately wounded.
Terence closely misses you.
Terence hits you with a +6 flail of protection.
You hit Terence but do no damage.
Terence is moderately wounded.
Terence hits you with a +6 flail of protection.
It was a potion of resistance.
You feel protected. Terence barely misses you.
You hit Terence. Your punch misses Terence.
Terence is heavily wounded.
Terence hits you with a +6 flail of protection!
* * * LOW HITPOINT WARNING * * *
You hit Terence.
Your tail-slap misses Terence.
Terence is severely wounded.
Terence misses you.
You closely miss Terence.
Terence is severely wounded.
Terence barely misses you.
You hit Terence.
Your tail-slap misses Terence.
Terence is severely wounded.
Terence says, "Time to say good-bye..."
Terence hits you with a +6 flail of protection!
* * * LOW HITPOINT WARNING * * *
It was a potion of curing.
You feel better.
Terence hits you with a +6 flail of protection!
* * * LOW HITPOINT WARNING * * *
You feel better.
Terence hits you with a +6 flail of protection!
You die...

### #(. ##..#
#########@#.######
#.....:..@......>#
#.#####.###.##.#..
##.# #. .#
#####..# #. .#
###......##. .#
#........## .#
#........########
.#
#..._............
.#
#........########


You could see Terence.

Vanquished Creatures
  A dart slug (D:2)
  A ball python (D:1)
  3 bats (D:1)
  6 giant cockroaches (D:1)
  3 goblins
  5 hobgoblins (D:1)
  2 quokkas (D:1)
  A frilled lizard (D:1)
  2 kobolds (D:1)
24 creatures vanquished.

Notes
Turn   | Place    | Note
-------+----------+-------------------------------------------
     0 | D:1      | wakxed the Draconian Berserker began the quest for the Orb.
     0 | D:1      | Reached XP level 1. HP: 19/19 MP: 1/1
   163 | D:1      | Reached XP level 2. HP: 23/26 MP: 2/2
   751 | D:2      | Found a sparkling altar of Nemelex Xobeh.
   767 | D:2      | Reached XP level 3. HP: 33/33 MP: 3/3
   787 | D:2      | Noticed Terence
   802 | D:2      | HP: 1/33 [Terence/+6 flail of protection (7)]
   803 | D:2      | Slain by Terence

Illustrated notes

Levels and vault maps discovered:
D:1:      minmay_arrival_four_houses, layout_rooms, minivault_25,
          minmay_worlds_worst_comb
D:2:      layout_loops_ring, basic_altar, uniq_terence, uniq_natasha

Skill      XL: |  1  2 |
---------------+-------+-----
Dodging        | 3 |  3.1
Fighting       | |  3.6
Long Blades    | |  3.4
Throwing       | |  0.5

Action                   || total
-------------------------++-------
Melee: Falchion          ||    73
       Tailslap          ||     5
       Punch             ||     1
Throw: Javelin           ||    14
  Use: Potion            ||     3
 Stab: Sleeping          ||     1
Armor: Skin              ||    31
Dodge: Dodged            ||    47
